 Dungeon Crawl Stone Soup version 0.30.1-3-gfc49f6343a (webtiles) character file.

Game seed: 5801142218311840369

821 croobank the Covert (level 7, -6/32 (33) HPs)
             Began as a Felid Delver on July 22, 2023.
             Killed by an exploding cerulean imp (26 damage)
             ... ignited by their inner flame
             ... on level 6 of the Dungeon.
             The game lasted 00:42:09 (5248 turns).

croobank the Covert (Felid Delver)                  Turns: 5248, Time: 00:42:10

HP:   -6/32 (33)    AC:  2    Str:  8    XL:     7   Next: 63%
MP:   12/14         EV: 19    Int: 14    God:
Gold: 331           SH:  0    Dex: 17    Spells: 12/15 levels left
                                        Lives: 0   Deaths: 2

rFire   . .          .
                       - Unarmed
rCold   . . .        (shield unavailable)
rNeg    . . .        (body armour unavailable)
rPois   +            (helmet unavailable)
rElec   .            (cloak unavailable)
rCorr   .            (gloves unavailable)
SInv    +            (boots unavailable)
Will    +....        (no amulet)
Stlth   ++++         n - ring of poison resistance
HPRegen 0.25/turn    (no ring)
MPRegen 0.14/turn

%: no passive effects
@: lightly drained, quick
A: very small, claws 1, fangs 3, see invisible, speed 1, shaggy fur 2, stealthy
paws, no weapons or thrown items, no armour, multi-lived
a: no special abilities


You were on level 6 of the Dungeon.
You visited 2 branches of the dungeon, and saw 7 of its levels.

You collected 331 gold pieces.

Inventory:

Jewellery
 n - a ring of poison resistance (left paw)
Wands
 e - a wand of digging (2)
Scrolls
 a - 3 scrolls of fog
 d - 2 scrolls of poison
 h - 3 scrolls of immolation
 j - a scroll of magic mapping
 m - 3 scrolls of identify
Potions
 b - a potion of flight
 i - a potion of magic
 k - a potion of attraction


   Skills:
 - Level 4.4 Fighting
 - Level 5.1 Dodging
 - Level 8.2 Stealth
 - Level 3.8 Unarmed Combat
 + Level 4.6 Spellcasting
 + Level 5.0 Summonings


You had 12 spell levels left.
You knew the following spells:

 Your Spells              Type           Power      Damage    Failure   Level
a - Summon Small Mammal   Summ           68%        N/A       2%          1
b - Call Imp              Summ           34%        N/A       3%          2

Your spell library contained the following spells:

 Spells                   Type           Power      Damage    Failure   Level
 Apportation              Tloc           6%         N/A       19%         1
 Kiss of Death            Conj/Necr      12%        2d6       19%         1
 Magic Dart               Conj           12%        1d3       19%         1
 Necrotise                Necr           12%        1d4       19%         1
 Confusing Touch          Hex            3%         N/A       50%         3
 Hailstorm                Conj/Ice       3%         3d3       50%         3
 Mephitic Cloud           Conj/Pois/Air  3%         N/A       50%         3
 Dispel Undead            Necr           3%         3d7       88%         4
 Ice Form                 Ice/Tmut       3%         N/A       88%         4
 Simulacrum               Ice/Necr       1%         N/A       100%        6


Dungeon Overview and Level Annotations

Branches:
Dungeon (6/15)             Temple (1/1) D:4

Altars:
Cheibriados
Dithmenos
Elyvilon
Hepliaklqana
Makhleb
Nemelex Xobeh
Okawaru
Ru
Sif Muna
Uskayaw
Xom
Yredelemnul
The Shining One

Annotations:
D:6 Menkaure


Innate Abilities, Weirdness & Mutations

You have sharp claws.
You have razor-sharp teeth.
You have supernaturally acute eyesight. (SInv)
You cover ground quickly. (Speed+)
You are covered in thick fur. (AC +2)
Your paws help you pounce on unaware monsters.
You are incapable of wielding weapons or throwing items.
You cannot wear armour.
You gain extra lives every three experience levels.


Message History

The hound stops to sniff the ground.
The hound barely misses your cerulean imp.
Okay, then.
Really read the scroll of immolation?
As you read the scroll of immolation, it crumbles to dust.
The creatures around you are filled with an inner flame!
The howler monkey hoots and howls with incredible vigour!
The hound closely misses your cerulean imp.
What are your orders? t - Meow!
Orders for allies: a - Attack new target. r - Retreat! s - Stop attacking. g - Guard the area. f - Follow me.
Anything else - Cancel.
Gang up on whom?
Press: ? - help, Dir - move target, f - wight
Aim: a wight, wielding a +0 scimitar and wearing a +0 robe (inner flame)
Okay, then.
Casting: Summon Small Mammal (safe; 2% risk of failure)
Confirm with . or Enter, or press ? or * to list all spells.
The hound misses your cerulean imp.
The howler monkey hoots and howls with incredible vigour!
The wight hits your cerulean imp with a +0 scimitar!
Flame seeps out of your cerulean imp.
Casting: Summon Small Mammal (safe; 2% risk of failure)
Confirm with . or Enter, or press ? or * to list all spells.
Your bat hits the wight but does no damage.
The hound bites your cerulean imp.
Your cerulean imp disappears in a puff of smoke!
Your cerulean imp explodes!
The fiery explosion engulfs your bat!!
You kill your bat!
Your bat's corpse disappears in a puff of smoke!
The fiery explosion engulfs the hound!!!
The fiery explosion engulfs your quokka!!!
You kill your quokka!
Your quokka's corpse disappears in a puff of smoke!
The fiery explosion engulfs you!!
Ouch! That really hurt!
You die...

+.....#......#....>.#
#...##.....##......# #
#...##.....##.....## .
########..........##(....##
..#...>.....................#
.[+......................)..#
..#...<....................##
.##.....h....##.....##.....##
.##..........##§@§..##......#
...............§○§.=#.......#
.##.....##......zhz.#.......#
..########.)....h....#.....##
..# #....##......####### #.#
#<...##.h...## ...#
#.......z....# ...#
#............# ...#
#...)##....[.#


You could see 3 howler monkeys and 3 wights.

Vanquished Creatures
  2 yaks (D:5)
  A black bear (D:4)
  2 scorpions (D:5)
  A howler monkey (D:5)
  2 jellies
  3 hounds
  A sleepcap (D:5)
  An iguana (D:5)
  Natasha (D:3)
  A mummy (D:4)
  9 adders
  3 gnolls (D:4)
  2 river rats (D:4)
  A shadow imp (D:5)
  A white imp (D:5)
  5 worms
  2 dart slugs (D:2)
  5 orcs
  7 ball pythons
  6 bats
  7 endoplasms
  3 giant cockroaches
  5 hobgoblins
  5 jackals
  3 frilled lizards
  6 goblins (D:1)
  5 kobolds
  5 rats
  A spectral orc (D:6)
96 creatures vanquished.

Vanquished Creatures (collateral kills)
  A yak (D:5)
  An ogre (D:5)
  A scorpion (D:4)
  2 jackals (D:5)
5 creatures vanquished.

Grand Total: 101 creatures vanquished

Notes
Turn   | Place    | Note
-------+----------+-------------------------------------------
     0 | D:5      | croobank the Felid Delver began the quest for the Orb.
     0 | D:5      | Reached XP level 1. HP: 10/10 MP: 2/2
     4 | D:6      | Noticed a howler monkey
     5 | D:6      | Noticed an ogre
     5 | D:6      | Noticed a howler monkey
    16 | D:5      | Noticed a yak
    41 | D:5      | Noticed a scorpion
    50 | D:5      | Killed a scorpion
    51 | D:5      | Reached skill level 7 in Stealth
    51 | D:5      | Reached XP level 2. HP: 12/14 MP: 3/3
    51 | D:5      | Reached XP level 3. HP: 15/17 MP: 4/4
    75 | D:5      | Noticed a scorpion
   129 | D:3      | Noticed Natasha
   173 | D:3      | Killed Natasha
   174 | D:3      | Reached XP level 4. HP: 16/21 MP: 5/5
   483 | D:1      | Found a faded altar of an unknown god.
  1005 | D:2      | Reached skill level 8 in Stealth
  1050 | D:2      | Reached XP level 5. HP: 14/25 MP: 6/6
  1377 | D:2      | Learned a level 2 spell: Call Imp
  1971 | D:3      | Found a hazy altar of Hepliaklqana.
  2683 | D:4      | Reached skill level 1 in Spellcasting
  2683 | D:4      | Reached skill level 1 in Summonings
  2876 | D:4      | Noticed a black bear
  2893 | D:4      | Killed a black bear
  2894 | D:4      | Gained mutation: You are covered in thick fur. (AC +2)
                  | [Felid growth]
  2894 | D:4      | Reached XP level 6. HP: 28/28 MP: 7/9
  3006 | D:4      | Found a snail-covered altar of Cheibriados.
  3228 | D:4      | Found a staircase to the Ecumenical Temple.
  3238 | Temple   | Entered the Ecumenical Temple
  3657 | D:5      | Slain by a scorpion
  3658 | D:5      | Reached XP level 5. HP: 0/25 MP: 8/8
  3809 | D:4      | Reached XP level 6. HP: 16/28 MP: 3/10
  4316 | D:5      | Reached skill level 5 in Dodging
  4369 | D:5      | Learned a level 1 spell: Summon Small Mammal
  4393 | D:5      | Reached XP level 7. HP: 12/33 MP: 8/12
  4679 | D:5      | Noticed a yak
  4679 | D:5      | Noticed a yak
  4862 | D:6      | Found a basalt altar of Yredelemnul.
  4877 | D:6      | Slain by a wight
  4878 | D:6      | Reached XP level 6. HP: 0/26 MP: 9/11
  4891 | D:6      | Noticed Menkaure
  5129 | D:5      | Killed a yak
  5129 | D:5      | Killed a yak
  5130 | D:5      | Reached XP level 7. HP: 33/33 MP: 8/14
  5131 | D:5      | Killed a yak
  5132 | D:5      | Reached skill level 5 in Summonings
  5248 | D:6      | Killed by an exploding cerulean imp... ignited by their
                  | inner flame

Illustrated notes

Levels and vault maps discovered:
D:1:      dpeg_arrival_solitude, layout_loops_cross, serial_glass,
          glass_columns_b, glass_columns_b,
          shapermc_ecumenical_altar_starsandcircs
D:2:      layout_basic
D:3:      layout_loops_ring, nicolae_overflow_hidden_temple,
          kennysheep_generic_room_13, uniq_natasha
D:4:      layout_loops_ring, slow_altar_1, minmay_temple_entry_poolview,
          lightli_sewer_entry_pipes
D:5:      layout_cave_pods, nicolae_ossuary_entry_plus
D:6:      layout_gridville, yredelemnul_forgotten_temple_becter,
          mainiacjoe_overflow_24_doors, jmf_multi_god_temple,
          uniq_crazy_yiuf_cottage, uniq_menkaure, uniq_maggie
Temple:   nicolae_temple_two_arcs

Skill      XL: |  1  2  3  4  5  6  7 |
---------------+----------------------+-----
Dodging        | 3 4 5 |  5.1
Stealth        | 7 8 |  8.2
Unarmed Combat | 3 |  3.8
Spellcasting   | 2 4 |  4.6
Summonings     | 1 4 5 |  5.0
Fighting       | 4 |  4.4

Action                     |  1- 3 |  4- 6 |  7- 9 || total
---------------------------+-------+-------+-------++-------
  Melee: Unarmed           |    29 |   310 |    12 ||   351
         Bite              |     5 |    27 |       ||    32
         Punch             |       |     5 |     1 ||     6
   Cast: Call Imp          |       |    18 |     6 ||    24
         Summon Small Mamm |       |    13 |    13 ||    26
  Evoke: Wand              |       |     1 |       ||     1
    Use: Scroll            |     2 |    17 |     1 ||    20
         Potion            |     2 |     3 |     1 ||     6
   Stab: Sleeping          |     2 |    32 |     1 ||    35
         Distracted        |       |     1 |       ||     1
 Armour: Skin              |     1 |    12 |     1 ||    14
  Dodge: Dodged            |    21 |   213 |    20 ||   254
